 Dungeon Crawl Stone Soup version 0.17.0-56-gd8de76c (webtiles) character file.

52 Peloso the Skirmisher (level 3, -9/33 HPs)
             Began as a Minotaur Fighter on Dec 5, 2015.
             Killed from afar by Natasha (16 damage)
             ... with a wand of frost
             ... on level 2 of the Dungeon.
             The game lasted 00:02:28 (896 turns).

Peloso the Skirmisher (Minotaur Fighter)             Turns: 896, Time: 00:02:28

Health: -9/33      AC:  7    Str: 20    XL:     3   Next: 60%
Magic:  2/2        EV:  7    Int:  5    God:
Gold:   71         SH:  9    Dex: 10    Spells: 0 memorised, 2 levels left

rFire  + . .     SeeInvis .     a - +0 long sword
rCold  x . .     Clarity  .     b - +0 scale mail
rNeg   . . .     SustAt   .     c - +0 shield
rPois  .         Gourm    .     (helmet restricted)
rElec  .         Spirit   .     (no cloak)
rCorr  .         Warding  .     (no gloves)
rMut   .         Stasis   .     (no boots)
MR     .....                    (no amulet)
Stlth  ..........               (no ring)
                                h - ring of fire

@: not resistant to hostile enchantments, extremely unstealthy
A: retaliatory headbutt, horns 2
a: no special abilities


You were on level 2 of the Dungeon.
You were not hungry.

You visited 1 branch of the dungeon, and saw 2 of its levels.

You collected 71 gold pieces.

Inventory:

Hand Weapons
 a - a +0 long sword (weapon)
Armour
 b - a +0 scale mail (worn)
 c - a +0 shield (worn)
Jewellery
 h - a ring of fire (left hand)
Scrolls
 f - 2 scrolls of enchant weapon {unknown}
 g - a scroll of recharging {unknown}
 i - a scroll of teleportation {unknown}
 j - 3 scrolls of remove curse {unknown}
 l - a scroll of noise {unknown}
 n - 2 scrolls of identify {unknown}
Potions
 d - a potion of might
 k - a potion of mutation {unknown}
 o - a potion of invisibility {unknown}
 p - a potion of lignification {unknown}
Comestibles
 e - 3 bread rations
 m - 2 chunks of flesh


   Skills:
 + Level 4.2 Fighting
 + Level 2.6 Long Blades
 + Level 4.2 Armour
 + Level 1.0 Dodging
 + Level 4.2 Shields


You had 2 spell levels left.
You didn't know any spells.

Dungeon Overview and Level Annotations

Branches:
Dungeon (2/15)

Altars:

Annotations:
D:2 Natasha


Innate Abilities, Weirdness & Mutations

You reflexively headbutt those who attack you in melee.
You have a pair of horns on your head.


Message History

You feel sick.
You are no longer poisoned.
You see here a stone.
Natasha, Servant of Life and Death comes into view.
Natasha hisses angrily.
Natasha zaps a wand.
You block the puff of frost.
It is a wand of frost.
Natasha claws you!
You slash Natasha! Your headbutt misses Natasha.
Natasha is severely wounded.
Natasha mumbles some strange words.
Natasha claws you.
You hit Natasha. You headbutt Natasha, but do no damage.
Natasha is severely wounded.
Natasha mumbles some strange words.
The white imp gestures at you. The puff of frost hits you!
You feel a terrible chill!
* * * LOW HITPOINT WARNING * * *
Your shield prevents you from hitting Natasha.
Natasha is severely wounded.
Natasha zaps a wand.
The puff of frost hits you!
You feel a terrible chill!
You die...

####.# #.#.#.# #....# #.#.#.#
#.#### #.#.#.# #.# #.#.#.#
#.###### #.#.#.# #(##...###
#.#)#.# #........# #.#.#.#
#.÷......# #.#5#5########
#.().....# #>..@h........
#........# #.#.#.#########
#........# #.#......)....#
########## #.###.#######.#
#.......# #.###.#######.#######
#...⌠...####....................
#..≈.§§.#...####.#######.#######
#.⌠.≈[⌠.'.#.# #.# #.# #
#..≈.≈..###.# #.# #.# #


You could see Natasha, a crimson imp and a white imp.

Vanquished Creatures
  Natasha (D:2)
  An adder (D:2)
  2 giant geckos (D:1)
  5 goblins
  2 hobgoblins
  3 bats
  A giant cockroach (D:1)
  2 kobolds
  3 rats (D:1)
20 creatures vanquished.

Notes
Turn   | Place    | Note
--------------------------------------------------------------
     0 | D:1      | Peloso the Minotaur Fighter began the quest for the Orb.
     0 | D:1      | Reached XP level 1. HP: 19/19 MP: 0/0
   162 | D:1      | Reached XP level 2. HP: 25/27 MP: 1/1
   348 | D:1      | Reached skill level 4 in Fighting
   718 | D:2      | Noticed Natasha
   726 | D:2      | Killed Natasha
   726 | D:2      | Reached XP level 3. HP: 30/33 MP: 2/2
   776 | D:2      | Reached skill level 1 in Dodging
   890 | D:2      | Noticed Natasha
   896 | D:2      | Killed from afar by Natasha

Action                   || total
-------------------------++-------
Melee: Long sword        ||    50
